%YAML 1.1
%TAG !u! tag:unity3d.com,2011:
--- !u!29 &1
OcclusionCullingSettings:
  m_ObjectHideFlags: 0
  serializedVersion: 2
  m_OcclusionBakeSettings:
    smallestOccluder: 5
    smallestHole: 0.25
    backfaceThreshold: 100
  m_SceneGUID: 00000000000000000000000000000000
  m_OcclusionCullingData: {fileID: 0}
--- !u!104 &2
RenderSettings:
  m_ObjectHideFlags: 0
  serializedVersion: 9
  m_Fog: 0
  m_FogColor: {r: 0.5, g: 0.5, b: 0.5, a: 1}
  m_FogMode: 3
  m_FogDensity: 0.01
  m_LinearFogStart: 0
  m_LinearFogEnd: 300
  m_AmbientSkyColor: {r: 0.212, g: 0.227, b: 0.259, a: 1}
  m_AmbientEquatorColor: {r: 0.114, g: 0.125, b: 0.133, a: 1}
  m_AmbientGroundColor: {r: 0.047, g: 0.043, b: 0.035, a: 1}
  m_AmbientIntensity: 1
  m_AmbientMode: 0
  m_SubtractiveShadowColor: {r: 0.42, g: 0.478, b: 0.627, a: 1}
  m_SkyboxMaterial: {fileID: 10304, guid: 0000000000000000f000000000000000, type: 0}
  m_HaloStrength: 0.5
  m_FlareStrength: 1
  m_FlareFadeSpeed: 3
  m_HaloTexture: {fileID: 0}
  m_SpotCookie: {fileID: 10001, guid: 0000000000000000e000000000000000, type: 0}
  m_DefaultReflectionMode: 0
  m_DefaultReflectionResolution: 128
  m_ReflectionBounces: 1
  m_ReflectionIntensity: 1
  m_CustomReflection: {fileID: 0}
  m_Sun: {fileID: 0}
  m_IndirectSpecularColor: {r: 0.4465785, g: 0.49641252, b: 0.574817, a: 1}
  m_UseRadianceAmbientProbe: 0
--- !u!157 &3
LightmapSettings:
  m_ObjectHideFlags: 0
  serializedVersion: 11
  m_GIWorkflowMode: 0
  m_GISettings:
    serializedVersion: 2
    m_BounceScale: 1
    m_IndirectOutputScale: 1
    m_AlbedoBoost: 1
    m_EnvironmentLightingMode: 0
    m_EnableBakedLightmaps: 1
    m_EnableRealtimeLightmaps: 1
  m_LightmapEditorSettings:
    serializedVersion: 10
    m_Resolution: 2
    m_BakeResolution: 40
    m_AtlasSize: 1024
    m_AO: 0
    m_AOMaxDistance: 1
    m_CompAOExponent: 1
    m_CompAOExponentDirect: 0
    m_Padding: 2
    m_LightmapParameters: {fileID: 0}
    m_LightmapsBakeMode: 1
    m_TextureCompression: 1
    m_FinalGather: 0
    m_FinalGatherFiltering: 1
    m_FinalGatherRayCount: 256
    m_ReflectionCompression: 2
    m_MixedBakeMode: 2
    m_BakeBackend: 1
    m_PVRSampling: 1
    m_PVRDirectSampleCount: 32
    m_PVRSampleCount: 500
    m_PVRBounces: 2
    m_PVRFilterTypeDirect: 0
    m_PVRFilterTypeIndirect: 0
    m_PVRFilterTypeAO: 0
    m_PVRFilteringMode: 1
    m_PVRCulling: 1
    m_PVRFilteringGaussRadiusDirect: 1
    m_PVRFilteringGaussRadiusIndirect: 5
    m_PVRFilteringGaussRadiusAO: 2
    m_PVRFilteringAtrousPositionSigmaDirect: 0.5
    m_PVRFilteringAtrousPositionSigmaIndirect: 2
    m_PVRFilteringAtrousPositionSigmaAO: 1
    m_ShowResolutionOverlay: 1
  m_LightingDataAsset: {fileID: 0}
  m_UseShadowmask: 1
--- !u!196 &4
NavMeshSettings:
  serializedVersion: 2
  m_ObjectHideFlags: 0
  m_BuildSettings:
    serializedVersion: 2
    agentTypeID: 0
    agentRadius: 0.5
    agentHeight: 2
    agentSlope: 45
    agentClimb: 0.4
    ledgeDropHeight: 0
    maxJumpAcrossDistance: 0
    minRegionArea: 2
    manualCellSize: 0
    cellSize: 0.16666667
    manualTileSize: 0
    tileSize: 256
    accuratePlacement: 0
    debug:
      m_Flags: 0
  m_NavMeshData: {fileID: 0}
--- !u!1 &79583274
GameObject:
  m_ObjectHideFlags: 0
  m_CorrespondingSourceObject: {fileID: 0}
  m_PrefabInstance: {fileID: 0}
  m_PrefabAsset: {fileID: 0}
  serializedVersion: 6
  m_Component:
  - component: {fileID: 79583275}
  - component: {fileID: 79583278}
  - component: {fileID: 79583277}
  - component: {fileID: 79583276}
  m_Layer: 5
  m_Name: Button
  m_TagString: Untagged
  m_Icon: {fileID: 0}
  m_NavMeshLayer: 0
  m_StaticEditorFlags: 0
  m_IsActive: 1
--- !u!224 &79583275
RectTransform:
  m_ObjectHideFlags: 0
  m_CorrespondingSourceObject: {fileID: 0}
  m_PrefabInstance: {fileID: 0}
  m_PrefabAsset: {fileID: 0}
  m_GameObject: {fileID: 79583274}
  m_LocalRotation: {x: 0, y: 0, z: 0, w: 1}
  m_LocalPosition: {x: 0, y: 0, z: 0}
  m_LocalScale: {x: 1, y: 1, z: 1}
  m_Children: []
  m_Father: {fileID: 1196303228}
  m_RootOrder: 0
  m_LocalEulerAnglesHint: {x: 0, y: 0, z: 0}
  m_AnchorMin: {x: 0.5, y: 0.5}
  m_AnchorMax: {x: 0.5, y: 0.5}
  m_AnchoredPosition: {x: 0.0000038146973, y: -72}
  m_SizeDelta: {x: 125.5, y: 125.5}
  m_Pivot: {x: 0.5, y: 0.5}
--- !u!114 &79583276
MonoBehaviour:
  m_ObjectHideFlags: 0
  m_CorrespondingSourceObject: {fileID: 0}
  m_PrefabInstance: {fileID: 0}
  m_PrefabAsset: {fileID: 0}
  m_GameObject: {fileID: 79583274}
  m_Enabled: 1
  m_EditorHideFlags: 0
  m_Script: {fileID: 1392445389, guid: f70555f144d8491a825f0804e09c671c, type: 3}
  m_Name: 
  m_EditorClassIdentifier: 
  m_Navigation:
    m_Mode: 3
    m_SelectOnUp: {fileID: 0}
    m_SelectOnDown: {fileID: 0}
    m_SelectOnLeft: {fileID: 0}
    m_SelectOnRight: {fileID: 0}
  m_Transition: 1
  m_Colors:
    m_NormalColor: {r: 1, g: 1, b: 1, a: 1}
    m_HighlightedColor: {r: 0.9607843, g: 0.9607843, b: 0.9607843, a: 1}
    m_PressedColor: {r: 0.78431374, g: 0.78431374, b: 0.78431374, a: 1}
    m_DisabledColor: {r: 0.78431374, g: 0.78431374, b: 0.78431374, a: 0.5019608}
    m_ColorMultiplier: 1
    m_FadeDuration: 0.1
  m_SpriteState:
    m_HighlightedSprite: {fileID: 0}
    m_PressedSprite: {fileID: 0}
    m_DisabledSprite: {fileID: 0}
  m_AnimationTriggers:
    m_NormalTrigger: Normal
    m_HighlightedTrigger: Highlighted
    m_PressedTrigger: Pressed
    m_DisabledTrigger: Disabled
  m_Interactable: 1
  m_TargetGraphic: {fileID: 79583277}
  m_OnClick:
    m_PersistentCalls:
      m_Calls:
      - m_Target: {fileID: 1196303229}
        m_MethodName: Click
        m_Mode: 1
        m_Arguments:
          m_ObjectArgument: {fileID: 0}
          m_ObjectArgumentAssemblyTypeName: UnityEngine.Object, UnityEngine
          m_IntArgument: 0
          m_FloatArgument: 0
          m_StringArgument: 
          m_BoolArgument: 0
        m_CallState: 2
--- !u!114 &79583277
MonoBehaviour:
  m_ObjectHideFlags: 0
  m_CorrespondingSourceObject: {fileID: 0}
  m_PrefabInstance: {fileID: 0}
  m_PrefabAsset: {fileID: 0}
  m_GameObject: {fileID: 79583274}
  m_Enabled: 1
  m_EditorHideFlags: 0
  m_Script: {fileID: -765806418, guid: f70555f144d8491a825f0804e09c671c, type: 3}
  m_Name: 
  m_EditorClassIdentifier: 
  m_Material: {fileID: 0}
  m_Color: {r: 1, g: 1, b: 1, a: 1}
  m_RaycastTarget: 1
  m_OnCullStateChanged:
    m_PersistentCalls:
      m_Calls: []
  m_Sprite: {fileID: 21300000, guid: 4db017495c69e8140a56a0e2b669e3f8, type: 3}
  m_Type: 0
  m_PreserveAspect: 0
  m_FillCenter: 1
  m_FillMethod: 4
  m_FillAmount: 1
  m_FillClockwise: 1
  m_FillOrigin: 0
  m_UseSpriteMesh: 0
--- !u!222 &79583278
CanvasRenderer:
  m_ObjectHideFlags: 0
  m_CorrespondingSourceObject: {fileID: 0}
  m_PrefabInstance: {fileID: 0}
  m_PrefabAsset: {fileID: 0}
  m_GameObject: {fileID: 79583274}
  m_CullTransparentMesh: 0
--- !u!1 &615061604
GameObject:
  m_ObjectHideFlags: 0
  m_CorrespondingSourceObject: {fileID: 0}
  m_PrefabInstance: {fileID: 0}
  m_PrefabAsset: {fileID: 0}
  serializedVersion: 6
  m_Component:
  - component: {fileID: 615061605}
  m_Layer: 0
  m_Name: Chickens
  m_TagString: Untagged
  m_Icon: {fileID: 0}
  m_NavMeshLayer: 0
  m_StaticEditorFlags: 0
  m_IsActive: 1
--- !u!4 &615061605
Transform:
  m_ObjectHideFlags: 0
  m_CorrespondingSourceObject: {fileID: 0}
  m_PrefabInstance: {fileID: 0}
  m_PrefabAsset: {fileID: 0}
  m_GameObject: {fileID: 615061604}
  m_LocalRotation: {x: 0, y: 0, z: 0, w: 1}
  m_LocalPosition: {x: -1.5207644, y: 2.3543224, z: -1.99788}
  m_LocalScale: {x: 1, y: 1, z: 1}
  m_Children:
  - {fileID: 1825259758}
  - {fileID: 917326186}
  - {fileID: 1797205169}
  - {fileID: 1173031132}
  - {fileID: 1426068204}
  m_Father: {fileID: 0}
  m_RootOrder: 5
  m_LocalEulerAnglesHint: {x: 0, y: 0, z: 0}
--- !u!1 &702428856
GameObject:
  m_ObjectHideFlags: 0
  m_CorrespondingSourceObject: {fileID: 0}
  m_PrefabInstance: {fileID: 0}
  m_PrefabAsset: {fileID: 0}
  serializedVersion: 6
  m_Component:
  - component: {fileID: 702428859}
  - component: {fileID: 702428858}
  - component: {fileID: 702428857}
  m_Layer: 0
  m_Name: EventSystem
  m_TagString: Untagged
  m_Icon: {fileID: 0}
  m_NavMeshLayer: 0
  m_StaticEditorFlags: 0
  m_IsActive: 1
--- !u!114 &702428857
MonoBehaviour:
  m_ObjectHideFlags: 0
  m_CorrespondingSourceObject: {fileID: 0}
  m_PrefabInstance: {fileID: 0}
  m_PrefabAsset: {fileID: 0}
  m_GameObject: {fileID: 702428856}
  m_Enabled: 1
  m_EditorHideFlags: 0
  m_Script: {fileID: 1077351063, guid: f70555f144d8491a825f0804e09c671c, type: 3}
  m_Name: 
  m_EditorClassIdentifier: 
  m_HorizontalAxis: Horizontal
  m_VerticalAxis: Vertical
  m_SubmitButton: Submit
  m_CancelButton: Cancel
  m_InputActionsPerSecond: 10
  m_RepeatDelay: 0.5
  m_ForceModuleActive: 0
--- !u!114 &702428858
MonoBehaviour:
  m_ObjectHideFlags: 0
  m_CorrespondingSourceObject: {fileID: 0}
  m_PrefabInstance: {fileID: 0}
  m_PrefabAsset: {fileID: 0}
  m_GameObject: {fileID: 702428856}
  m_Enabled: 1
  m_EditorHideFlags: 0
  m_Script: {fileID: -619905303, guid: f70555f144d8491a825f0804e09c671c, type: 3}
  m_Name: 
  m_EditorClassIdentifier: 
  m_FirstSelected: {fileID: 0}
  m_sendNavigationEvents: 1
  m_DragThreshold: 10
--- !u!4 &702428859
Transform:
  m_ObjectHideFlags: 0
  m_CorrespondingSourceObject: {fileID: 0}
  m_PrefabInstance: {fileID: 0}
  m_PrefabAsset: {fileID: 0}
  m_GameObject: {fileID: 702428856}
  m_LocalRotation: {x: 0, y: 0, z: 0, w: 1}
  m_LocalPosition: {x: 0, y: 0, z: 0}
  m_LocalScale: {x: 1, y: 1, z: 1}
  m_Children: []
  m_Father: {fileID: 0}
  m_RootOrder: 3
  m_LocalEulerAnglesHint: {x: 0, y: 0, z: 0}
--- !u!1001 &917326180
PrefabInstance:
  m_ObjectHideFlags: 0
  serializedVersion: 2
  m_Modification:
    m_TransformParent: {fileID: 615061605}
    m_Modifications:
    - target: {fileID: 1311290861401530, guid: 312b31977ed9b2d48a14849ebb8c7fb3, type: 3}
      propertyPath: m_Name
      value: frontChicken (1)
      objectReference: {fileID: 0}
    - target: {fileID: 4303844821561524, guid: 312b31977ed9b2d48a14849ebb8c7fb3, type: 3}
      propertyPath: m_LocalPosition.x
      value: 1.4696585
      objectReference: {fileID: 0}
    - target: {fileID: 4303844821561524, guid: 312b31977ed9b2d48a14849ebb8c7fb3, type: 3}
      propertyPath: m_LocalPosition.y
      value: -2.3543224
      objectReference: {fileID: 0}
    - target: {fileID: 4303844821561524, guid: 312b31977ed9b2d48a14849ebb8c7fb3, type: 3}
      propertyPath: m_LocalPosition.z
      value: -0.5676589
      objectReference: {fileID: 0}
    - target: {fileID: 4303844821561524, guid: 312b31977ed9b2d48a14849ebb8c7fb3, type: 3}
      propertyPath: m_LocalRotation.x
      value: -0
      objectReference: {fileID: 0}
    - target: {fileID: 4303844821561524, guid: 312b31977ed9b2d48a14849ebb8c7fb3, type: 3}
      propertyPath: m_LocalRotation.y
      value: -0.6357759
      objectReference: {fileID: 0}
    - target: {fileID: 4303844821561524, guid: 312b31977ed9b2d48a14849ebb8c7fb3, type: 3}
      propertyPath: m_LocalRotation.z
      value: -0
      objectReference: {fileID: 0}
    - target: {fileID: 4303844821561524, guid: 312b31977ed9b2d48a14849ebb8c7fb3, type: 3}
      propertyPath: m_LocalRotation.w
      value: 0.77187365
      objectReference: {fileID: 0}
    - target: {fileID: 4303844821561524, guid: 312b31977ed9b2d48a14849ebb8c7fb3, type: 3}
      propertyPath: m_RootOrder
      value: 1
      objectReference: {fileID: 0}
    - target: {fileID: 4303844821561524, guid: 312b31977ed9b2d48a14849ebb8c7fb3, type: 3}
      propertyPath: m_LocalEulerAnglesHint.x
      value: 0
      objectReference: {fileID: 0}
    - target: {fileID: 4303844821561524, guid: 312b31977ed9b2d48a14849ebb8c7fb3, type: 3}
      propertyPath: m_LocalEulerAnglesHint.y
      value: -78.955
      objectReference: {fileID: 0}
    - target: {fileID: 4303844821561524, guid: 312b31977ed9b2d48a14849ebb8c7fb3, type: 3}
      propertyPath: m_LocalEulerAnglesHint.z
      value: 0
      objectReference: {fileID: 0}
    - target: {fileID: 95943282229431942, guid: 312b31977ed9b2d48a14849ebb8c7fb3,
        type: 3}
      propertyPath: m_Controller
      value: 
      objectReference: {fileID: 9100000, guid: 84dd067921f4e0045bb3a9a6e8fb7789, type: 2}
    m_RemovedComponents: []
  m_SourcePrefab: {fileID: 100100000, guid: 312b31977ed9b2d48a14849ebb8c7fb3, type: 3}
--- !u!1 &917326181 stripped
GameObject:
  m_CorrespondingSourceObject: {fileID: 1311290861401530, guid: 312b31977ed9b2d48a14849ebb8c7fb3,
    type: 3}
  m_PrefabInstance: {fileID: 917326180}
  m_PrefabAsset: {fileID: 0}
--- !u!114 &917326182
MonoBehaviour:
  m_ObjectHideFlags: 0
  m_CorrespondingSourceObject: {fileID: 0}
  m_PrefabInstance: {fileID: 0}
  m_PrefabAsset: {fileID: 0}
  m_GameObject: {fileID: 917326181}
  m_Enabled: 1
  m_EditorHideFlags: 0
  m_Script: {fileID: 11500000, guid: 13a41e69dfa329d9a81d8222b1a595a0, type: 3}
  m_Name: 
  m_EditorClassIdentifier: 
  deadEffect: {fileID: 100000, guid: b99a0a5998b2736429fd2a2fd1d01c5e, type: 3}
  deadSound: {fileID: 8300000, guid: 874b9317448ede99598a1edad5dab439, type: 3}
--- !u!65 &917326183
BoxCollider:
  m_ObjectHideFlags: 0
  m_CorrespondingSourceObject: {fileID: 0}
  m_PrefabInstance: {fileID: 0}
  m_PrefabAsset: {fileID: 0}
  m_GameObject: {fileID: 917326181}
  m_Material: {fileID: 0}
  m_IsTrigger: 0
  m_Enabled: 1
  serializedVersion: 2
  m_Size: {x: 0.31582808, y: 0.47602558, z: 0.43525267}
  m_Center: {x: -0.001311183, y: 0.22371817, z: -0.0015051365}
--- !u!54 &917326184
Rigidbody:
  m_ObjectHideFlags: 0
  m_CorrespondingSourceObject: {fileID: 0}
  m_PrefabInstance: {fileID: 0}
  m_PrefabAsset: {fileID: 0}
  m_GameObject: {fileID: 917326181}
  serializedVersion: 2
  m_Mass: 1
  m_Drag: 0.2
  m_AngularDrag: 0.05
  m_UseGravity: 1
  m_IsKinematic: 0
  m_Interpolate: 0
  m_Constraints: 0
  m_CollisionDetection: 0
--- !u!4 &917326186 stripped
Transform:
  m_CorrespondingSourceObject: {fileID: 4303844821561524, guid: 312b31977ed9b2d48a14849ebb8c7fb3,
    type: 3}
  m_PrefabInstance: {fileID: 917326180}
  m_PrefabAsset: {fileID: 0}
--- !u!1 &1173031127 stripped
GameObject:
  m_CorrespondingSourceObject: {fileID: 1311290861401530, guid: 312b31977ed9b2d48a14849ebb8c7fb3,
    type: 3}
  m_PrefabInstance: {fileID: 1579223270}
  m_PrefabAsset: {fileID: 0}
--- !u!114 &1173031128
MonoBehaviour:
  m_ObjectHideFlags: 0
  m_CorrespondingSourceObject: {fileID: 0}
  m_PrefabInstance: {fileID: 0}
  m_PrefabAsset: {fileID: 0}
  m_GameObject: {fileID: 1173031127}
  m_Enabled: 1
  m_EditorHideFlags: 0
  m_Script: {fileID: 11500000, guid: 13a41e69dfa329d9a81d8222b1a595a0, type: 3}
  m_Name: 
  m_EditorClassIdentifier: 
  deadEffect: {fileID: 100000, guid: b99a0a5998b2736429fd2a2fd1d01c5e, type: 3}
  deadSound: {fileID: 8300000, guid: 874b9317448ede99598a1edad5dab439, type: 3}
--- !u!65 &1173031129
BoxCollider:
  m_ObjectHideFlags: 0
  m_CorrespondingSourceObject: {fileID: 0}
  m_PrefabInstance: {fileID: 0}
  m_PrefabAsset: {fileID: 0}
  m_GameObject: {fileID: 1173031127}
  m_Material: {fileID: 0}
  m_IsTrigger: 0
  m_Enabled: 1
  serializedVersion: 2
  m_Size: {x: 0.31582808, y: 0.47602558, z: 0.43525267}
  m_Center: {x: -0.001311183, y: 0.22371817, z: -0.0015051365}
--- !u!54 &1173031130
Rigidbody:
  m_ObjectHideFlags: 0
  m_CorrespondingSourceObject: {fileID: 0}
  m_PrefabInstance: {fileID: 0}
  m_PrefabAsset: {fileID: 0}
  m_GameObject: {fileID: 1173031127}
  serializedVersion: 2
  m_Mass: 1
  m_Drag: 0.2
  m_AngularDrag: 0.05
  m_UseGravity: 1
  m_IsKinematic: 0
  m_Interpolate: 0
  m_Constraints: 0
  m_CollisionDetection: 0
--- !u!4 &1173031132 stripped
Transform:
  m_CorrespondingSourceObject: {fileID: 4303844821561524, guid: 312b31977ed9b2d48a14849ebb8c7fb3,
    type: 3}
  m_PrefabInstance: {fileID: 1579223270}
  m_PrefabAsset: {fileID: 0}
--- !u!1 &1196303224
GameObject:
  m_ObjectHideFlags: 0
  m_CorrespondingSourceObject: {fileID: 0}
  m_PrefabInstance: {fileID: 0}
  m_PrefabAsset: {fileID: 0}
  serializedVersion: 6
  m_Component:
  - component: {fileID: 1196303228}
  - component: {fileID: 1196303227}
  - component: {fileID: 1196303226}
  - component: {fileID: 1196303225}
  - component: {fileID: 1196303229}
  m_Layer: 5
  m_Name: Canvas
  m_TagString: Untagged
  m_Icon: {fileID: 0}
  m_NavMeshLayer: 0
  m_StaticEditorFlags: 0
  m_IsActive: 1
--- !u!114 &1196303225
MonoBehaviour:
  m_ObjectHideFlags: 0
  m_CorrespondingSourceObject: {fileID: 0}
  m_PrefabInstance: {fileID: 0}
  m_PrefabAsset: {fileID: 0}
  m_GameObject: {fileID: 1196303224}
  m_Enabled: 1
  m_EditorHideFlags: 0
  m_Script: {fileID: 1301386320, guid: f70555f144d8491a825f0804e09c671c, type: 3}
  m_Name: 
  m_EditorClassIdentifier: 
  m_IgnoreReversedGraphics: 1
  m_BlockingObjects: 0
  m_BlockingMask:
    serializedVersion: 2
    m_Bits: 4294967295
--- !u!114 &1196303226
MonoBehaviour:
  m_ObjectHideFlags: 0
  m_CorrespondingSourceObject: {fileID: 0}
  m_PrefabInstance: {fileID: 0}
  m_PrefabAsset: {fileID: 0}
  m_GameObject: {fileID: 1196303224}
  m_Enabled: 1
  m_EditorHideFlags: 0
  m_Script: {fileID: 1980459831, guid: f70555f144d8491a825f0804e09c671c, type: 3}
  m_Name: 
  m_EditorClassIdentifier: 
  m_UiScaleMode: 1
  m_ReferencePixelsPerUnit: 100
  m_ScaleFactor: 1
  m_ReferenceResolution: {x: 800, y: 600}
  m_ScreenMatchMode: 0
  m_MatchWidthOrHeight: 0
  m_PhysicalUnit: 3
  m_FallbackScreenDPI: 96
  m_DefaultSpriteDPI: 96
  m_DynamicPixelsPerUnit: 1
--- !u!223 &1196303227
Canvas:
  m_ObjectHideFlags: 0
  m_CorrespondingSourceObject: {fileID: 0}
  m_PrefabInstance: {fileID: 0}
  m_PrefabAsset: {fileID: 0}
  m_GameObject: {fileID: 1196303224}
  m_Enabled: 1
  serializedVersion: 3
  m_RenderMode: 0
  m_Camera: {fileID: 0}
  m_PlaneDistance: 100
  m_PixelPerfect: 0
  m_ReceivesEvents: 1
  m_OverrideSorting: 0
  m_OverridePixelPerfect: 0
  m_SortingBucketNormalizedSize: 0
  m_AdditionalShaderChannelsFlag: 0
  m_SortingLayerID: 0
  m_SortingOrder: 0
  m_TargetDisplay: 0
--- !u!224 &1196303228
RectTransform:
  m_ObjectHideFlags: 0
  m_CorrespondingSourceObject: {fileID: 0}
  m_PrefabInstance: {fileID: 0}
  m_PrefabAsset: {fileID: 0}
  m_GameObject: {fileID: 1196303224}
  m_LocalRotation: {x: 0, y: 0, z: 0, w: 1}
  m_LocalPosition: {x: 0, y: 0, z: 0}
  m_LocalScale: {x: 0, y: 0, z: 0}
  m_Children:
  - {fileID: 79583275}
  - {fileID: 2083589092}
  m_Father: {fileID: 0}
  m_RootOrder: 2
  m_LocalEulerAnglesHint: {x: 0, y: 0, z: 0}
  m_AnchorMin: {x: 0, y: 0}
  m_AnchorMax: {x: 0, y: 0}
  m_AnchoredPosition: {x: 0, y: 0}
  m_SizeDelta: {x: 0, y: 0}
  m_Pivot: {x: 0, y: 0}
--- !u!114 &1196303229
MonoBehaviour:
  m_ObjectHideFlags: 0
  m_CorrespondingSourceObject: {fileID: 0}
  m_PrefabInstance: {fileID: 0}
  m_PrefabAsset: {fileID: 0}
  m_GameObject: {fileID: 1196303224}
  m_Enabled: 1
  m_EditorHideFlags: 0
  m_Script: {fileID: 11500000, guid: 2330d25344255571dbeea4820c4fb857, type: 3}
  m_Name: 
  m_EditorClassIdentifier: 
--- !u!1 &1426068199 stripped
GameObject:
  m_CorrespondingSourceObject: {fileID: 1311290861401530, guid: 312b31977ed9b2d48a14849ebb8c7fb3,
    type: 3}
  m_PrefabInstance: {fileID: 1730717525}
  m_PrefabAsset: {fileID: 0}
--- !u!114 &1426068200
MonoBehaviour:
  m_ObjectHideFlags: 0
  m_CorrespondingSourceObject: {fileID: 0}
  m_PrefabInstance: {fileID: 0}
  m_PrefabAsset: {fileID: 0}
  m_GameObject: {fileID: 1426068199}
  m_Enabled: 1
  m_EditorHideFlags: 0
  m_Script: {fileID: 11500000, guid: 13a41e69dfa329d9a81d8222b1a595a0, type: 3}
  m_Name: 
  m_EditorClassIdentifier: 
  deadEffect: {fileID: 100000, guid: b99a0a5998b2736429fd2a2fd1d01c5e, type: 3}
  deadSound: {fileID: 8300000, guid: 874b9317448ede99598a1edad5dab439, type: 3}
--- !u!65 &1426068201
BoxCollider:
  m_ObjectHideFlags: 0
  m_CorrespondingSourceObject: {fileID: 0}
  m_PrefabInstance: {fileID: 0}
  m_PrefabAsset: {fileID: 0}
  m_GameObject: {fileID: 1426068199}
  m_Material: {fileID: 0}
  m_IsTrigger: 0
  m_Enabled: 1
  serializedVersion: 2
  m_Size: {x: 0.31582808, y: 0.47602558, z: 0.43525267}
  m_Center: {x: -0.001311183, y: 0.22371817, z: -0.0015051365}
--- !u!54 &1426068202
Rigidbody:
  m_ObjectHideFlags: 0
  m_CorrespondingSourceObject: {fileID: 0}
  m_PrefabInstance: {fileID: 0}
  m_PrefabAsset: {fileID: 0}
  m_GameObject: {fileID: 1426068199}
  serializedVersion: 2
  m_Mass: 1
  m_Drag: 0.2
  m_AngularDrag: 0.05
  m_UseGravity: 1
  m_IsKinematic: 0
  m_Interpolate: 0
  m_Constraints: 0
  m_CollisionDetection: 0
--- !u!4 &1426068204 stripped
Transform:
  m_CorrespondingSourceObject: {fileID: 4303844821561524, guid: 312b31977ed9b2d48a14849ebb8c7fb3,
    type: 3}
  m_PrefabInstance: {fileID: 1730717525}
  m_PrefabAsset: {fileID: 0}
--- !u!1 &1510536474
GameObject:
  m_ObjectHideFlags: 0
  m_CorrespondingSourceObject: {fileID: 0}
  m_PrefabInstance: {fileID: 0}
  m_PrefabAsset: {fileID: 0}
  serializedVersion: 6
  m_Component:
  - component: {fileID: 1510536478}
  - component: {fileID: 1510536477}
  - component: {fileID: 1510536476}
  - component: {fileID: 1510536475}
  m_Layer: 0
  m_Name: Plane
  m_TagString: Earth
  m_Icon: {fileID: 0}
  m_NavMeshLayer: 0
  m_StaticEditorFlags: 0
  m_IsActive: 1
--- !u!65 &1510536475
BoxCollider:
  m_ObjectHideFlags: 0
  m_CorrespondingSourceObject: {fileID: 0}
  m_PrefabInstance: {fileID: 0}
  m_PrefabAsset: {fileID: 0}
  m_GameObject: {fileID: 1510536474}
  m_Material: {fileID: 0}
  m_IsTrigger: 0
  m_Enabled: 1
  serializedVersion: 2
  m_Size: {x: 10, y: 2.220446e-16, z: 10}
  m_Center: {x: 0, y: 0, z: 0}
--- !u!23 &1510536476
MeshRenderer:
  m_ObjectHideFlags: 0
  m_CorrespondingSourceObject: {fileID: 0}
  m_PrefabInstance: {fileID: 0}
  m_PrefabAsset: {fileID: 0}
  m_GameObject: {fileID: 1510536474}
  m_Enabled: 1
  m_CastShadows: 1
  m_ReceiveShadows: 1
  m_DynamicOccludee: 1
  m_MotionVectors: 1
  m_LightProbeUsage: 1
  m_ReflectionProbeUsage: 1
  m_RenderingLayerMask: 1
  m_RendererPriority: 0
  m_Materials:
  - {fileID: 2100000, guid: bdfa35c15d8dc9fcd82c32ac6b76d1e5, type: 2}
  m_StaticBatchInfo:
    firstSubMesh: 0
    subMeshCount: 0
  m_StaticBatchRoot: {fileID: 0}
  m_ProbeAnchor: {fileID: 0}
  m_LightProbeVolumeOverride: {fileID: 0}
  m_ScaleInLightmap: 1
  m_PreserveUVs: 0
  m_IgnoreNormalsForChartDetection: 0
  m_ImportantGI: 0
  m_StitchLightmapSeams: 0
  m_SelectedEditorRenderState: 3
  m_MinimumChartSize: 4
  m_AutoUVMaxDistance: 0.5
  m_AutoUVMaxAngle: 89
  m_LightmapParameters: {fileID: 0}
  m_SortingLayerID: 0
  m_SortingLayer: 0
  m_SortingOrder: 0
--- !u!33 &1510536477
MeshFilter:
  m_ObjectHideFlags: 0
  m_CorrespondingSourceObject: {fileID: 0}
  m_PrefabInstance: {fileID: 0}
  m_PrefabAsset: {fileID: 0}
  m_GameObject: {fileID: 1510536474}
  m_Mesh: {fileID: 10209, guid: 0000000000000000e000000000000000, type: 0}
--- !u!4 &1510536478
Transform:
  m_ObjectHideFlags: 0
  m_CorrespondingSourceObject: {fileID: 0}
  m_PrefabInstance: {fileID: 0}
  m_PrefabAsset: {fileID: 0}
  m_GameObject: {fileID: 1510536474}
  m_LocalRotation: {x: 0, y: 0, z: 0, w: 1}
  m_LocalPosition: {x: 0, y: 0, z: 14}
  m_LocalScale: {x: 9.355605, y: 1, z: 9.22331}
  m_Children: []
  m_Father: {fileID: 0}
  m_RootOrder: 4
  m_LocalEulerAnglesHint: {x: 0, y: 0, z: 0}
--- !u!1001 &1579223270
PrefabInstance:
  m_ObjectHideFlags: 0
  serializedVersion: 2
  m_Modification:
    m_TransformParent: {fileID: 615061605}
    m_Modifications:
    - target: {fileID: 1311290861401530, guid: 312b31977ed9b2d48a14849ebb8c7fb3, type: 3}
      propertyPath: m_Name
      value: frontChicken (3)
      objectReference: {fileID: 0}
    - target: {fileID: 4303844821561524, guid: 312b31977ed9b2d48a14849ebb8c7fb3, type: 3}
      propertyPath: m_LocalPosition.x
      value: 2.42
      objectReference: {fileID: 0}
    - target: {fileID: 4303844821561524, guid: 312b31977ed9b2d48a14849ebb8c7fb3, type: 3}
      propertyPath: m_LocalPosition.y
      value: -2.354242
      objectReference: {fileID: 0}
    - target: {fileID: 4303844821561524, guid: 312b31977ed9b2d48a14849ebb8c7fb3, type: 3}
      propertyPath: m_LocalPosition.z
      value: 3.48
      objectReference: {fileID: 0}
    - target: {fileID: 4303844821561524, guid: 312b31977ed9b2d48a14849ebb8c7fb3, type: 3}
      propertyPath: m_LocalRotation.x
      value: 0.0016929654
      objectReference: {fileID: 0}
    - target: {fileID: 4303844821561524, guid: 312b31977ed9b2d48a14849ebb8c7fb3, type: 3}
      propertyPath: m_LocalRotation.y
      value: -0.99780285
      objectReference: {fileID: 0}
    - target: {fileID: 4303844821561524, guid: 312b31977ed9b2d48a14849ebb8c7fb3, type: 3}
      propertyPath: m_LocalRotation.z
      value: -0.0016948205
      objectReference: {fileID: 0}
    - target: {fileID: 4303844821561524, guid: 312b31977ed9b2d48a14849ebb8c7fb3, type: 3}
      propertyPath: m_LocalRotation.w
      value: 0.06621063
      objectReference: {fileID: 0}
    - target: {fileID: 4303844821561524, guid: 312b31977ed9b2d48a14849ebb8c7fb3, type: 3}
      propertyPath: m_RootOrder
      value: 3
      objectReference: {fileID: 0}
    - target: {fileID: 4303844821561524, guid: 312b31977ed9b2d48a14849ebb8c7fb3, type: 3}
      propertyPath: m_LocalEulerAnglesHint.x
      value: -0.18100001
      objectReference: {fileID: 0}
    - target: {fileID: 4303844821561524, guid: 312b31977ed9b2d48a14849ebb8c7fb3, type: 3}
      propertyPath: m_LocalEulerAnglesHint.y
      value: -172.40701
      objectReference: {fileID: 0}
    - target: {fileID: 4303844821561524, guid: 312b31977ed9b2d48a14849ebb8c7fb3, type: 3}
      propertyPath: m_LocalEulerAnglesHint.z
      value: -0.20600002
      objectReference: {fileID: 0}
    - target: {fileID: 95943282229431942, guid: 312b31977ed9b2d48a14849ebb8c7fb3,
        type: 3}
      propertyPath: m_Controller
      value: 
      objectReference: {fileID: 9100000, guid: 84dd067921f4e0045bb3a9a6e8fb7789, type: 2}
    - target: {fileID: 4410910982438300, guid: 312b31977ed9b2d48a14849ebb8c7fb3, type: 3}
      propertyPath: m_LocalRotation.x
      value: 0.41296917
      objectReference: {fileID: 0}
    - target: {fileID: 4410910982438300, guid: 312b31977ed9b2d48a14849ebb8c7fb3, type: 3}
      propertyPath: m_LocalRotation.y
      value: -0.57398295
      objectReference: {fileID: 0}
    - target: {fileID: 4410910982438300, guid: 312b31977ed9b2d48a14849ebb8c7fb3, type: 3}
      propertyPath: m_LocalRotation.z
      value: -0.57398295
      objectReference: {fileID: 0}
    - target: {fileID: 4410910982438300, guid: 312b31977ed9b2d48a14849ebb8c7fb3, type: 3}
      propertyPath: m_LocalRotation.w
      value: -0.41296917
      objectReference: {fileID: 0}
    - target: {fileID: 4410910982438300, guid: 312b31977ed9b2d48a14849ebb8c7fb3, type: 3}
      propertyPath: m_LocalPosition.x
      value: 0.008487608
      objectReference: {fileID: 0}
    - target: {fileID: 4410910982438300, guid: 312b31977ed9b2d48a14849ebb8c7fb3, type: 3}
      propertyPath: m_LocalPosition.z
      value: -0.03169143
      objectReference: {fileID: 0}
    - target: {fileID: 4410910982438300, guid: 312b31977ed9b2d48a14849ebb8c7fb3, type: 3}
      propertyPath: m_LocalEulerAnglesHint.x
      value: -89.97201
      objectReference: {fileID: 0}
    - target: {fileID: 4410910982438300, guid: 312b31977ed9b2d48a14849ebb8c7fb3, type: 3}
      propertyPath: m_LocalEulerAnglesHint.z
      value: -251.469
      objectReference: {fileID: 0}
    m_RemovedComponents: []
  m_SourcePrefab: {fileID: 100100000, guid: 312b31977ed9b2d48a14849ebb8c7fb3, type: 3}
--- !u!1001 &1730717525
PrefabInstance:
  m_ObjectHideFlags: 0
  serializedVersion: 2
  m_Modification:
    m_TransformParent: {fileID: 615061605}
    m_Modifications:
    - target: {fileID: 1311290861401530, guid: 312b31977ed9b2d48a14849ebb8c7fb3, type: 3}
      propertyPath: m_Name
      value: frontChicken (4)
      objectReference: {fileID: 0}
    - target: {fileID: 4303844821561524, guid: 312b31977ed9b2d48a14849ebb8c7fb3, type: 3}
      propertyPath: m_LocalPosition.x
      value: -0.07
      objectReference: {fileID: 0}
    - target: {fileID: 4303844821561524, guid: 312b31977ed9b2d48a14849ebb8c7fb3, type: 3}
      propertyPath: m_LocalPosition.y
      value: -2.3543224
      objectReference: {fileID: 0}
    - target: {fileID: 4303844821561524, guid: 312b31977ed9b2d48a14849ebb8c7fb3, type: 3}
      propertyPath: m_LocalPosition.z
      value: 6.577146
      objectReference: {fileID: 0}
    - target: {fileID: 4303844821561524, guid: 312b31977ed9b2d48a14849ebb8c7fb3, type: 3}
      propertyPath: m_LocalRotation.x
      value: -0
      objectReference: {fileID: 0}
    - target: {fileID: 4303844821561524, guid: 312b31977ed9b2d48a14849ebb8c7fb3, type: 3}
      propertyPath: m_LocalRotation.y
      value: 0.13634473
      objectReference: {fileID: 0}
    - target: {fileID: 4303844821561524, guid: 312b31977ed9b2d48a14849ebb8c7fb3, type: 3}
      propertyPath: m_LocalRotation.z
      value: -0
      objectReference: {fileID: 0}
    - target: {fileID: 4303844821561524, guid: 312b31977ed9b2d48a14849ebb8c7fb3, type: 3}
      propertyPath: m_LocalRotation.w
      value: 0.99066144
      objectReference: {fileID: 0}
    - target: {fileID: 4303844821561524, guid: 312b31977ed9b2d48a14849ebb8c7fb3, type: 3}
      propertyPath: m_RootOrder
      value: 4
      objectReference: {fileID: 0}
    - target: {fileID: 4303844821561524, guid: 312b31977ed9b2d48a14849ebb8c7fb3, type: 3}
      propertyPath: m_LocalEulerAnglesHint.x
      value: 0
      objectReference: {fileID: 0}
    - target: {fileID: 4303844821561524, guid: 312b31977ed9b2d48a14849ebb8c7fb3, type: 3}
      propertyPath: m_LocalEulerAnglesHint.y
      value: 15.673
      objectReference: {fileID: 0}
    - target: {fileID: 4303844821561524, guid: 312b31977ed9b2d48a14849ebb8c7fb3, type: 3}
      propertyPath: m_LocalEulerAnglesHint.z
      value: 0
      objectReference: {fileID: 0}
    - target: {fileID: 95943282229431942, guid: 312b31977ed9b2d48a14849ebb8c7fb3,
        type: 3}
      propertyPath: m_Controller
      value: 
      objectReference: {fileID: 9100000, guid: 84dd067921f4e0045bb3a9a6e8fb7789, type: 2}
    m_RemovedComponents: []
  m_SourcePrefab: {fileID: 100100000, guid: 312b31977ed9b2d48a14849ebb8c7fb3, type: 3}
--- !u!1 &1744147970
GameObject:
  m_ObjectHideFlags: 0
  m_CorrespondingSourceObject: {fileID: 0}
  m_PrefabInstance: {fileID: 0}
  m_PrefabAsset: {fileID: 0}
  serializedVersion: 6
  m_Component:
  - component: {fileID: 1744147973}
  - component: {fileID: 1744147972}
  - component: {fileID: 1744147971}
  - component: {fileID: 1744147974}
  - component: {fileID: 1744147975}
  m_Layer: 0
  m_Name: Main Camera
  m_TagString: MainCamera
  m_Icon: {fileID: 0}
  m_NavMeshLayer: 0
  m_StaticEditorFlags: 0
  m_IsActive: 1
--- !u!81 &1744147971
AudioListener:
  m_ObjectHideFlags: 0
  m_CorrespondingSourceObject: {fileID: 0}
  m_PrefabInstance: {fileID: 0}
  m_PrefabAsset: {fileID: 0}
  m_GameObject: {fileID: 1744147970}
  m_Enabled: 1
--- !u!20 &1744147972
Camera:
  m_ObjectHideFlags: 0
  m_CorrespondingSourceObject: {fileID: 0}
  m_PrefabInstance: {fileID: 0}
  m_PrefabAsset: {fileID: 0}
  m_GameObject: {fileID: 1744147970}
  m_Enabled: 1
  serializedVersion: 2
  m_ClearFlags: 1
  m_BackGroundColor: {r: 0.19215687, g: 0.3019608, b: 0.4745098, a: 0}
  m_projectionMatrixMode: 1
  m_SensorSize: {x: 36, y: 24}
  m_LensShift: {x: 0, y: 0}
  m_GateFitMode: 2
  m_FocalLength: 50
  m_NormalizedViewPortRect:
    serializedVersion: 2
    x: 0
    y: 0
    width: 1
    height: 1
  near clip plane: 0.3
  far clip plane: 1000
  field of view: 60
  orthographic: 0
  orthographic size: 5
  m_Depth: -1
  m_CullingMask:
    serializedVersion: 2
    m_Bits: 4294967295
  m_RenderingPath: -1
  m_TargetTexture: {fileID: 0}
  m_TargetDisplay: 0
  m_TargetEye: 3
  m_HDR: 1
  m_AllowMSAA: 1
  m_AllowDynamicResolution: 0
  m_ForceIntoRT: 0
  m_OcclusionCulling: 1
  m_StereoConvergence: 10
  m_StereoSeparation: 0.022
--- !u!4 &1744147973
Transform:
  m_ObjectHideFlags: 0
  m_CorrespondingSourceObject: {fileID: 0}
  m_PrefabInstance: {fileID: 0}
  m_PrefabAsset: {fileID: 0}
  m_GameObject: {fileID: 1744147970}
  m_LocalRotation: {x: 0, y: 0, z: 0, w: 1}
  m_LocalPosition: {x: 0, y: 0.51, z: -5.41}
  m_LocalScale: {x: 1, y: 1, z: 1}
  m_Children: []
  m_Father: {fileID: 0}
  m_RootOrder: 0
  m_LocalEulerAnglesHint: {x: 0, y: 0, z: 0}
--- !u!114 &1744147974
MonoBehaviour:
  m_ObjectHideFlags: 0
  m_CorrespondingSourceObject: {fileID: 0}
  m_PrefabInstance: {fileID: 0}
  m_PrefabAsset: {fileID: 0}
  m_GameObject: {fileID: 1744147970}
  m_Enabled: 1
  m_EditorHideFlags: 0
  m_Script: {fileID: 11500000, guid: c8e3c08d1ee195eaeb4fc9e77d6a1702, type: 3}
  m_Name: 
  m_EditorClassIdentifier: 
  stones:
  - {fileID: 5635429104880898937, guid: e02bf8d413033acd7befb0c84de08797, type: 3}
  - {fileID: 5820912372599814438, guid: 5d18b6e68c889cc42ba628f188b8e71a, type: 3}
  - {fileID: 7940968511198669201, guid: c681e31f4e2eee466996fb22fbd1bf93, type: 3}
  - {fileID: 4832246887297884587, guid: 45647691d3d97e8178f1cd14bdc51bf7, type: 3}
  torque: 5
  minAntiGravity: 20
  maxAntiGravity: 40
  minLateralForce: -15
  maxLateralForce: 15
  minTimeBetweenStones: 1
  maxTimeBetweenStones: 3
  minX: -10
  maxX: 10
  minZ: -5
  maxZ: 20
--- !u!82 &1744147975
AudioSource:
  m_ObjectHideFlags: 0
  m_CorrespondingSourceObject: {fileID: 0}
  m_PrefabInstance: {fileID: 0}
  m_PrefabAsset: {fileID: 0}
  m_GameObject: {fileID: 1744147970}
  m_Enabled: 1
  serializedVersion: 4
  OutputAudioMixerGroup: {fileID: 0}
  m_audioClip: {fileID: 8300000, guid: 83b8e36aa403a6b3ba01fb398eaa1d96, type: 3}
  m_PlayOnAwake: 1
  m_Volume: 0.118
  m_Pitch: 1
  Loop: 1
  Mute: 0
  Spatialize: 0
  SpatializePostEffects: 0
  Priority: 128
  DopplerLevel: 1
  MinDistance: 6.9856424
  MaxDistance: 500
  Pan2D: 0
  rolloffMode: 0
  BypassEffects: 0
  BypassListenerEffects: 0
  BypassReverbZones: 0
  rolloffCustomCurve:
    serializedVersion: 2
    m_Curve:
    - serializedVersion: 3
      time: 0
      value: 1
      inSlope: 0
      outSlope: 0
      tangentMode: 0
      weightedMode: 0
      inWeight: 0.33333334
      outWeight: 0.33333334
    - serializedVersion: 3
      time: 1
      value: 0
      inSlope: 0
      outSlope: 0
      tangentMode: 0
      weightedMode: 0
      inWeight: 0.33333334
      outWeight: 0.33333334
    m_PreInfinity: 2
    m_PostInfinity: 2
    m_RotationOrder: 4
  panLevelCustomCurve:
    serializedVersion: 2
    m_Curve:
    - serializedVersion: 3
      time: 0
      value: 0
      inSlope: 0
      outSlope: 0
      tangentMode: 0
      weightedMode: 0
      inWeight: 0.33333334
      outWeight: 0.33333334
    m_PreInfinity: 2
    m_PostInfinity: 2
    m_RotationOrder: 4
  spreadCustomCurve:
    serializedVersion: 2
    m_Curve:
    - serializedVersion: 3
      time: 0
      value: 0
      inSlope: 0
      outSlope: 0
      tangentMode: 0
      weightedMode: 0
      inWeight: 0.33333334
      outWeight: 0.33333334
    m_PreInfinity: 2
    m_PostInfinity: 2
    m_RotationOrder: 4
  reverbZoneMixCustomCurve:
    serializedVersion: 2
    m_Curve:
    - serializedVersion: 3
      time: 0
      value: 1
      inSlope: 0
      outSlope: 0
      tangentMode: 0
      weightedMode: 0
      inWeight: 0.33333334
      outWeight: 0.33333334
    m_PreInfinity: 2
    m_PostInfinity: 2
    m_RotationOrder: 4
--- !u!1001 &1797205163
PrefabInstance:
  m_ObjectHideFlags: 0
  serializedVersion: 2
  m_Modification:
    m_TransformParent: {fileID: 615061605}
    m_Modifications:
    - target: {fileID: 1311290861401530, guid: 312b31977ed9b2d48a14849ebb8c7fb3, type: 3}
      propertyPath: m_Name
      value: frontChicken (2)
      objectReference: {fileID: 0}
    - target: {fileID: 4303844821561524, guid: 312b31977ed9b2d48a14849ebb8c7fb3, type: 3}
      propertyPath: m_LocalPosition.x
      value: 0.46994364
      objectReference: {fileID: 0}
    - target: {fileID: 4303844821561524, guid: 312b31977ed9b2d48a14849ebb8c7fb3, type: 3}
      propertyPath: m_LocalPosition.y
      value: -2.3543224
      objectReference: {fileID: 0}
    - target: {fileID: 4303844821561524, guid: 312b31977ed9b2d48a14849ebb8c7fb3, type: 3}
      propertyPath: m_LocalPosition.z
      value: 0.67432535
      objectReference: {fileID: 0}
    - target: {fileID: 4303844821561524, guid: 312b31977ed9b2d48a14849ebb8c7fb3, type: 3}
      propertyPath: m_LocalRotation.x
      value: -0
      objectReference: {fileID: 0}
    - target: {fileID: 4303844821561524, guid: 312b31977ed9b2d48a14849ebb8c7fb3, type: 3}
      propertyPath: m_LocalRotation.y
      value: -0.90559304
      objectReference: {fileID: 0}
    - target: {fileID: 4303844821561524, guid: 312b31977ed9b2d48a14849ebb8c7fb3, type: 3}
      propertyPath: m_LocalRotation.z
      value: -0
      objectReference: {fileID: 0}
    - target: {fileID: 4303844821561524, guid: 312b31977ed9b2d48a14849ebb8c7fb3, type: 3}
      propertyPath: m_LocalRotation.w
      value: -0.42414778
      objectReference: {fileID: 0}
    - target: {fileID: 4303844821561524, guid: 312b31977ed9b2d48a14849ebb8c7fb3, type: 3}
      propertyPath: m_RootOrder
      value: 2
      objectReference: {fileID: 0}
    - target: {fileID: 4303844821561524, guid: 312b31977ed9b2d48a14849ebb8c7fb3, type: 3}
      propertyPath: m_LocalEulerAnglesHint.x
      value: 0
      objectReference: {fileID: 0}
    - target: {fileID: 4303844821561524, guid: 312b31977ed9b2d48a14849ebb8c7fb3, type: 3}
      propertyPath: m_LocalEulerAnglesHint.y
      value: -230.193
      objectReference: {fileID: 0}
    - target: {fileID: 4303844821561524, guid: 312b31977ed9b2d48a14849ebb8c7fb3, type: 3}
      propertyPath: m_LocalEulerAnglesHint.z
      value: 0
      objectReference: {fileID: 0}
    - target: {fileID: 95943282229431942, guid: 312b31977ed9b2d48a14849ebb8c7fb3,
        type: 3}
      propertyPath: m_Controller
      value: 
      objectReference: {fileID: 9100000, guid: 84dd067921f4e0045bb3a9a6e8fb7789, type: 2}
    m_RemovedComponents: []
  m_SourcePrefab: {fileID: 100100000, guid: 312b31977ed9b2d48a14849ebb8c7fb3, type: 3}
--- !u!1 &1797205164 stripped
GameObject:
  m_CorrespondingSourceObject: {fileID: 1311290861401530, guid: 312b31977ed9b2d48a14849ebb8c7fb3,
    type: 3}
  m_PrefabInstance: {fileID: 1797205163}
  m_PrefabAsset: {fileID: 0}
--- !u!114 &1797205165
MonoBehaviour:
  m_ObjectHideFlags: 0
  m_CorrespondingSourceObject: {fileID: 0}
  m_PrefabInstance: {fileID: 0}
  m_PrefabAsset: {fileID: 0}
  m_GameObject: {fileID: 1797205164}
  m_Enabled: 1
  m_EditorHideFlags: 0
  m_Script: {fileID: 11500000, guid: 13a41e69dfa329d9a81d8222b1a595a0, type: 3}
  m_Name: 
  m_EditorClassIdentifier: 
  deadEffect: {fileID: 100000, guid: b99a0a5998b2736429fd2a2fd1d01c5e, type: 3}
  deadSound: {fileID: 8300000, guid: 874b9317448ede99598a1edad5dab439, type: 3}
--- !u!65 &1797205166
BoxCollider:
  m_ObjectHideFlags: 0
  m_CorrespondingSourceObject: {fileID: 0}
  m_PrefabInstance: {fileID: 0}
  m_PrefabAsset: {fileID: 0}
  m_GameObject: {fileID: 1797205164}
  m_Material: {fileID: 0}
  m_IsTrigger: 0
  m_Enabled: 1
  serializedVersion: 2
  m_Size: {x: 0.31582808, y: 0.47602558, z: 0.43525267}
  m_Center: {x: -0.001311183, y: 0.22371817, z: -0.0015051365}
--- !u!54 &1797205167
Rigidbody:
  m_ObjectHideFlags: 0
  m_CorrespondingSourceObject: {fileID: 0}
  m_PrefabInstance: {fileID: 0}
  m_PrefabAsset: {fileID: 0}
  m_GameObject: {fileID: 1797205164}
  serializedVersion: 2
  m_Mass: 1
  m_Drag: 0.2
  m_AngularDrag: 0.05
  m_UseGravity: 1
  m_IsKinematic: 0
  m_Interpolate: 0
  m_Constraints: 0
  m_CollisionDetection: 0
--- !u!4 &1797205169 stripped
Transform:
  m_CorrespondingSourceObject: {fileID: 4303844821561524, guid: 312b31977ed9b2d48a14849ebb8c7fb3,
    type: 3}
  m_PrefabInstance: {fileID: 1797205163}
  m_PrefabAsset: {fileID: 0}
--- !u!4 &1825259758 stripped
Transform:
  m_CorrespondingSourceObject: {fileID: 460662431222161109, guid: 18141def7a73491bea33b7932f7b5141,
    type: 3}
  m_PrefabInstance: {fileID: 462692466455735944}
  m_PrefabAsset: {fileID: 0}
--- !u!1 &1856260906
GameObject:
  m_ObjectHideFlags: 0
  m_CorrespondingSourceObject: {fileID: 0}
  m_PrefabInstance: {fileID: 0}
  m_PrefabAsset: {fileID: 0}
  serializedVersion: 6
  m_Component:
  - component: {fileID: 1856260908}
  - component: {fileID: 1856260907}
  m_Layer: 0
  m_Name: Directional Light
  m_TagString: Untagged
  m_Icon: {fileID: 0}
  m_NavMeshLayer: 0
  m_StaticEditorFlags: 0
  m_IsActive: 1
--- !u!108 &1856260907
Light:
  m_ObjectHideFlags: 0
  m_CorrespondingSourceObject: {fileID: 0}
  m_PrefabInstance: {fileID: 0}
  m_PrefabAsset: {fileID: 0}
  m_GameObject: {fileID: 1856260906}
  m_Enabled: 1
  serializedVersion: 8
  m_Type: 1
  m_Color: {r: 1, g: 0.95686275, b: 0.8392157, a: 1}
  m_Intensity: 1
  m_Range: 10
  m_SpotAngle: 30
  m_CookieSize: 10
  m_Shadows:
    m_Type: 2
    m_Resolution: -1
    m_CustomResolution: -1
    m_Strength: 1
    m_Bias: 0.05
    m_NormalBias: 0.4
    m_NearPlane: 0.2
  m_Cookie: {fileID: 0}
  m_DrawHalo: 0
  m_Flare: {fileID: 0}
  m_RenderMode: 0
  m_CullingMask:
    serializedVersion: 2
    m_Bits: 4294967295
  m_Lightmapping: 4
  m_LightShadowCasterMode: 0
  m_AreaSize: {x: 1, y: 1}
  m_BounceIntensity: 1
  m_ColorTemperature: 6570
  m_UseColorTemperature: 0
  m_ShadowRadius: 0
  m_ShadowAngle: 0
--- !u!4 &1856260908
Transform:
  m_ObjectHideFlags: 0
  m_CorrespondingSourceObject: {fileID: 0}
  m_PrefabInstance: {fileID: 0}
  m_PrefabAsset: {fileID: 0}
  m_GameObject: {fileID: 1856260906}
  m_LocalRotation: {x: 0.40821788, y: -0.23456968, z: 0.10938163, w: 0.8754261}
  m_LocalPosition: {x: 0, y: 3, z: 0}
  m_LocalScale: {x: 1, y: 1, z: 1}
  m_Children: []
  m_Father: {fileID: 0}
  m_RootOrder: 1
  m_LocalEulerAnglesHint: {x: 50, y: -30, z: 0}
--- !u!1 &2083589091
GameObject:
  m_ObjectHideFlags: 0
  m_CorrespondingSourceObject: {fileID: 0}
  m_PrefabInstance: {fileID: 0}
  m_PrefabAsset: {fileID: 0}
  serializedVersion: 6
  m_Component:
  - component: {fileID: 2083589092}
  - component: {fileID: 2083589094}
  - component: {fileID: 2083589093}
  m_Layer: 5
  m_Name: Text
  m_TagString: Untagged
  m_Icon: {fileID: 0}
  m_NavMeshLayer: 0
  m_StaticEditorFlags: 0
  m_IsActive: 1
--- !u!224 &2083589092
RectTransform:
  m_ObjectHideFlags: 0
  m_CorrespondingSourceObject: {fileID: 0}
  m_PrefabInstance: {fileID: 0}
  m_PrefabAsset: {fileID: 0}
  m_GameObject: {fileID: 2083589091}
  m_LocalRotation: {x: 0, y: 0, z: 0, w: 1}
  m_LocalPosition: {x: 0, y: 0, z: 0}
  m_LocalScale: {x: 1, y: 1, z: 1}
  m_Children: []
  m_Father: {fileID: 1196303228}
  m_RootOrder: 1
  m_LocalEulerAnglesHint: {x: 0, y: 0, z: 0}
  m_AnchorMin: {x: 0.5, y: 0.5}
  m_AnchorMax: {x: 0.5, y: 0.5}
  m_AnchoredPosition: {x: 0, y: 59}
  m_SizeDelta: {x: 677.6, y: 103.38}
  m_Pivot: {x: 0.5, y: 0.5}
--- !u!114 &2083589093
MonoBehaviour:
  m_ObjectHideFlags: 0
  m_CorrespondingSourceObject: {fileID: 0}
  m_PrefabInstance: {fileID: 0}
  m_PrefabAsset: {fileID: 0}
  m_GameObject: {fileID: 2083589091}
  m_Enabled: 1
  m_EditorHideFlags: 0
  m_Script: {fileID: 708705254, guid: f70555f144d8491a825f0804e09c671c, type: 3}
  m_Name: 
  m_EditorClassIdentifier: 
  m_Material: {fileID: 0}
  m_Color: {r: 0, g: 0, b: 0, a: 1}
  m_RaycastTarget: 1
  m_OnCullStateChanged:
    m_PersistentCalls:
      m_Calls: []
  m_FontData:
    m_Font: {fileID: 12800000, guid: 1f16052dfd5f6f54e94e97ecedd4c86b, type: 3}
    m_FontSize: 70
    m_FontStyle: 0
    m_BestFit: 0
    m_MinSize: 0
    m_MaxSize: 300
    m_Alignment: 4
    m_AlignByGeometry: 0
    m_RichText: 1
    m_HorizontalOverflow: 0
    m_VerticalOverflow: 0
    m_LineSpacing: 1
  m_Text: Protect Them - Demo
--- !u!222 &2083589094
CanvasRenderer:
  m_ObjectHideFlags: 0
  m_CorrespondingSourceObject: {fileID: 0}
  m_PrefabInstance: {fileID: 0}
  m_PrefabAsset: {fileID: 0}
  m_GameObject: {fileID: 2083589091}
  m_CullTransparentMesh: 0
--- !u!1001 &462692466455735944
PrefabInstance:
  m_ObjectHideFlags: 0
  serializedVersion: 2
  m_Modification:
    m_TransformParent: {fileID: 615061605}
    m_Modifications:
    - target: {fileID: 463722070293945307, guid: 18141def7a73491bea33b7932f7b5141,
        type: 3}
      propertyPath: m_Name
      value: frontChicken
      objectReference: {fileID: 0}
    - target: {fileID: 460662431222161109, guid: 18141def7a73491bea33b7932f7b5141,
        type: 3}
      propertyPath: m_LocalPosition.x
      value: 2.0107644
      objectReference: {fileID: 0}
    - target: {fileID: 460662431222161109, guid: 18141def7a73491bea33b7932f7b5141,
        type: 3}
      propertyPath: m_LocalPosition.y
      value: -2.3543224
      objectReference: {fileID: 0}
    - target: {fileID: 460662431222161109, guid: 18141def7a73491bea33b7932f7b5141,
        type: 3}
      propertyPath: m_LocalPosition.z
      value: -1.29212
      objectReference: {fileID: 0}
    - target: {fileID: 460662431222161109, guid: 18141def7a73491bea33b7932f7b5141,
        type: 3}
      propertyPath: m_LocalRotation.x
      value: -0
      objectReference: {fileID: 0}
    - target: {fileID: 460662431222161109, guid: 18141def7a73491bea33b7932f7b5141,
        type: 3}
      propertyPath: m_LocalRotation.y
      value: -0.91053176
      objectReference: {fileID: 0}
    - target: {fileID: 460662431222161109, guid: 18141def7a73491bea33b7932f7b5141,
        type: 3}
      propertyPath: m_LocalRotation.z
      value: -0
      objectReference: {fileID: 0}
    - target: {fileID: 460662431222161109, guid: 18141def7a73491bea33b7932f7b5141,
        type: 3}
      propertyPath: m_LocalRotation.w
      value: 0.41343912
      objectReference: {fileID: 0}
    - target: {fileID: 460662431222161109, guid: 18141def7a73491bea33b7932f7b5141,
        type: 3}
      propertyPath: m_RootOrder
      value: 0
      objectReference: {fileID: 0}
    - target: {fileID: 460662431222161109, guid: 18141def7a73491bea33b7932f7b5141,
        type: 3}
      propertyPath: m_LocalEulerAnglesHint.x
      value: 0
      objectReference: {fileID: 0}
    - target: {fileID: 460662431222161109, guid: 18141def7a73491bea33b7932f7b5141,
        type: 3}
      propertyPath: m_LocalEulerAnglesHint.y
      value: -131.158
      objectReference: {fileID: 0}
    - target: {fileID: 460662431222161109, guid: 18141def7a73491bea33b7932f7b5141,
        type: 3}
      propertyPath: m_LocalEulerAnglesHint.z
      value: 0
      objectReference: {fileID: 0}
    - target: {fileID: 1825259757, guid: 18141def7a73491bea33b7932f7b5141, type: 3}
      propertyPath: deadSound
      value: 
      objectReference: {fileID: 8300000, guid: 874b9317448ede99598a1edad5dab439, type: 3}
    m_RemovedComponents: []
  m_SourcePrefab: {fileID: 100100000, guid: 18141def7a73491bea33b7932f7b5141, type: 3}
